 Dungeon Crawl Stone Soup version 0.31-a0-544-gceb718ecc6 (webtiles) character file.

Game seed: 12805875601197043822

1950 MackTheKnife the Nimble (level 9, 0/71 HPs)
             Began as a Merfolk Shapeshifter on Aug 15, 2023.
             Was a Follower of Wu Jian.
             Slain by an unseen horror (1 damage)
             ... on level 6 of the Dungeon.
             The game lasted 00:07:42 (5769 turns).

MackTheKnife the Nimble (Merfolk Shapeshifter)      Turns: 5769, Time: 00:07:42

Health: 0/71       AC:  5    Str: 27    XL:     9   Next: 18%
Magic:  9/9        EV: 16    Int:  7    God:    Wu Jian [*.....]
Gold:   224        SH:  0    Dex: 19    Spells: 8/8 levels left

rFire   . .          .
                       - Unarmed
rCold   . . .        (no shield)
rNeg    . . .        u - +0 ring mail
rPois   .            (helmet currently unavailable)
rElec   .            (cloak currently unavailable)
rCorr   .            (gloves currently unavailable)
SInv    .            (boots currently unavailable)
Will    .....        (no amulet)
Stlth   +            x - +6 ring of strength
HPRegen 0.31/turn    w - +6 ring of strength
MPRegen 0.11/turn

%: no passive effects
@: about to teleport, beast-form
A: beast (slay +4), (nimble swimmer 2), mertail
a: Begin Untransformation, Renounce Religion


You were on level 6 of the Dungeon.
You worshipped Wu Jian.
Wu Jian was aware of your devotion.
You were a hulking beast.
You visited 2 branches of the dungeon, and saw 7 of its levels.

You collected 224 gold pieces.


Innate Abilities, Weirdness & Mutations

You are a hulking beast.
Your limbs bulge with bestial killing power. (Slay +4)
((You are very nimble when in or above water. (Stealth+, EV+, Speed+++)))
Your lower body shifts to a powerful aquatic tail in water.


   Skills:
 + Level 6.4 Fighting
 + Level 8.1 Dodging
 + Level 7.2 Unarmed Combat
 + Level 7.5 Shapeshifting


You had 8 spell levels left.
You didn't know any spells.
Your spell library contained the following spells:

 Spells                   Type           Power      Damage    Failure   Level
 Kiss of Death            Conj/Necr      0%         2d5       56%         1
 Confusing Touch          Hex            0%         N/A       91%         3
 Dispel Undead            Necr           0%         3d6       100%        4

Inventory:

Armour
 p - a +0 helmet
   (You found it on level 2 of the Dungeon)
 u - a +0 ring mail (worn)
   (You found it on level 3 of the Dungeon)
 C - a +0 pair of boots
   (You found it on level 5 of the Dungeon)
Jewellery
 h - a ring of ice
   (You found it on level 4 of the Dungeon)
 l - a ring of flight
   (You found it on level 1 of the Dungeon)
 w - a +6 ring of strength (right hand)
   (You found it on level 3 of the Dungeon)
 x - a +6 ring of strength (left hand)
   (You found it on level 4 of the Dungeon)
 y - a ring of willpower
   (You found it on level 5 of the Dungeon)
Talismans
 c - a beast talisman (active)
 d - a flux talisman
Wands
 q - a wand of flame (19)
   (You found it on level 6 of the Dungeon)
 v - a wand of polymorph (8)
   (You found it on level 3 of the Dungeon)
 A - a wand of charming (7)
   (You found it on level 5 of the Dungeon)
Scrolls
 a - a scroll of revelation
 b - a scroll of enchant weapon
 f - a scroll of vulnerability {!r!r}
 m - 2 scrolls of fog
 n - 2 scrolls of teleportation {@r4}
Potions
 e - a potion of mutation {!q}
 g - 3 potions of brilliance
 i - 4 potions of curing {@q1}
 j - a potion of might {unknown}
 k - a potion of resistance
 o - a potion of heal wounds {unknown}
 s - a potion of degeneration {unknown}
 z - 2 potions of ambrosia
 B - 2 potions of attraction {unknown}

Dungeon Overview and Level Annotations

Branches:
Dungeon (6/15) Zot: 26206  Temple (1/1) D:4 Zot: 5963

Altars:
Ashenzari
Dithmenos
Elyvilon
Fedhas
Gozag
Hepliaklqana
Kikubaaqudgha
Makhleb
Nemelex Xobeh
Okawaru
Qazlal
Ru
Sif Muna
Trog
Uskayaw
Wu Jian
Xom
Yredelemnul
Zin
The Shining One

Shops:
D:2 *=:   D:4 *

Annotations:
Temple 2 transporters

#.......# #.......# #......##
#........ ######..# #........
#.......#.......# #........
##.......#.......# #........
.........#.......# #........
.........#......## #........
.........#######h#####........
.........#...............#
.........#......#........#
.........'......'........#
.........#......#........#
##.......#>.....#........#
#.......#......#........#
#.......#......#........#
#.......+......#........#


There were no monsters in sight!


Message History

There is an open door, spattered with blood here.
Things that are here:
a +0 dagger {short}; a +0 club {mace} Key pressed, stopping explore.
Things that are here:
a +2 whip of freezing {mace}; a gnoll corpse
There is an open door, spattered with blood here.
Things that are here:
a +0 dagger {short}; a +0 club {mace}
Items here: ))) [[ ††.
Things that are here:
a +0 spear {polearm}; a +0 spear {polearm}
q - a wand of flame (19) Key pressed, stopping explore.
r - a scroll of identify {@r1}
As you read the scroll of identify {@r1}, it crumbles to dust.
k - a potion of resistance You open the door.
There is an open door here.
There is an open door here.
Key pressed, stopping explore.
There is an open door here.
There is an open door here.
Key pressed, stopping explore.
There is an open door here.
There is an open door here.
A white imp comes into view.
A white imp is nearby!
A white imp is nearby!
The white imp shouts!
The white imp gestures at you. The puff of frost hits you. 😕 HP[-2]
You take 2 damage, and now have 68/70 hp. 😕 HP[+1]
You lunge at the white imp.
You pummel the white imp!!
You kill the white imp!
The Council accepts your kill. 😕 HP[+1]
You now have 71 max hp (+1).
No target in view!
No target in view!
No target in view!
No target in view!
No target in view!
No target in view!
No target in view!
No target in view!
No target in view!
No target in view!
No target in view!
Found an escape hatch in the floor.
There is an open door here. 😎 HP[+1]
Your hp is fully restored (71).
There is an open door here.
Something hits you!
Deactivating autopickup; reactivate with Ctrl-A. 😕 HP[-9]
You take 9 damage, and now have 62/71 hp.
Something hits you! 😕 HP[-6]
You take 6 damage, and now have 56/71 hp.
Something hits you! 😮 HP[-7]
You take 7 damage, and now have 49/71 hp.
Something hits you. 😮 HP[-4]
You take 4 damage, and now have 45/71 hp.
You hit something. Something barely misses you. Something hits you. 😮 HP[-2]
You take 2 damage, and now have 43/71 hp.
Something hits you!
* * * LOW HITPOINT WARNING * * *
Something barely misses you. 😨 HP[-9]
You take 9 damage, and now have 34/71 hp.
Something hits you.
* * * LOW HITPOINT WARNING * * *
Something hits you!
* * * LOW HITPOINT WARNING * * *
😨 HP[-9]
You take 9 damage, and now have 25/71 hp.
Something hits you!
* * * LOW HITPOINT WARNING * * *
😱 HP[-9]
You take 9 damage, and now have 16/71 hp.
Something hits you but does no damage. Something hits you!
* * * LOW HITPOINT WARNING * * *
😱 HP[-7]
You take 7 damage, and now have 9/71 hp.
Something hits you!
* * * LOW HITPOINT WARNING * * *
😱 HP[-8]
You take 8 damage, and now have 1/71 hp.
Okay, then.
As you read the scroll of teleportation {@r4}, it crumbles to dust.
You feel strangely unstable. Something hits you.
You die...

Skill      XL: |  1  2  3  4  5  6  7  8  9 |
---------------+----------------------------+-----
Dodging        | 3 4 5 6 7 8 |  8.1
Fighting       | 2 3 4 6 |  6.4
Unarmed Combat | 4 5 6 7 |  7.2
Shapeshifting  | 5 6 7 |  7.5

Action                     |  1- 3 |  4- 6 |  7- 9 || total
---------------------------+-------+-------+-------++-------
  Melee: Unarmed           |    91 |   101 |   170 ||   362
         Punch             |     2 |     4 |    10 ||    16
Ability: Lunge             |       |       |    12 ||    12
         Whirlwind         |       |       |     1 ||     1
  Evoke: Wand              |       |       |     2 ||     2
    Use: Potion            |       |     1 |     1 ||     2
         Scroll            |       |     2 |    11 ||    13
   Stab: Sleeping          |     3 |       |       ||     3
 Armour: Animal skin       |     3 |       |       ||     3
         Leather armour    |    14 |    14 |       ||    28
         Skin              |       |     3 |       ||     3
         Ring mail         |       |     3 |    32 ||    35
  Dodge: Dodged            |    42 |    66 |    91 ||   199

Levels and vault maps discovered:
D:1:      dpeg_arrival_tiny_c, layout_loops_ring, chequers_serial_rivers_micro_b
D:2:      layout_loops_cross, serial_shops, nicolae_shop_dealshenge,
          nicolae_book_shop_shelving, shop, uniq_sigmund
D:3:      layout_basic, shapermc_ecumenical_altar_notcrosses,
          kennysheep_generic_room_8
D:4:      layout_basic, minmay_temple_entry_statues_fountains,
          roderic_roman_lattice, solitary_fountain, nicolae_shop_fire_sale
          [nicolae_sub_dead_trees], kennysheep_crisscross
D:5:      layout_basic, mainiacjoe_overflow_catwalk, minmay_pentangle,
          uniq_menkaure
D:6:      layout_gridville, uniq_eustachio, uniq_prince_ribbit1
Temple:   hellmonk_temple_divided_pantheon

Notes
Turn   | Place    | Note
-------+----------+-------------------------------------------
     0 | D:1      | MackTheKnife the Merfolk Shapeshifter began the quest for
                  | the Orb.
     0 | D:1      | Reached XP level 1. HP: 15/15 MP: 1/1
     0 | D:1      | magus.rc [v1.9.6]
   145 | D:1      | Reached skill level 3 in Dodging
   145 | D:1      | Reached XP level 2. HP: 17/21 MP: 2/2
   677 | D:1      | Reached XP level 3. HP: 8/27 MP: 3/3
   924 | D:2      | Found Ikhu Doi's Jewellery Shoppe.
   954 | D:2      | Reached skill level 2 in Fighting
   984 | D:2      | Found Ifuy's Book Boutique.
  1078 | D:2      | Found Zuem's Assorted Antiques.
  1173 | D:2      | Reached XP level 4. HP: 14/33 MP: 4/4
  1329 | D:2      | Noticed Sigmund
  1341 | D:2      | Killed Sigmund
  1342 | D:2      | Reached skill level 3 in Fighting
  1342 | D:2      | Reached skill level 4 in Dodging
  1342 | D:2      | Reached skill level 4 in Unarmed Combat
  1342 | D:2      | Reached skill level 5 in Shapeshifting
  1342 | D:2      | Reached XP level 5. HP: 35/41 MP: 5/5
  1342 | D:2      | Reached XP level 6. HP: 40/47 MP: 6/6
  2141 | D:2      | Reached skill level 5 in Dodging
  2300 | D:2      | HP: 11/47 [gnoll/+0 halberd (12)]
  2592 | D:3      | Found a faded altar of an unknown god.
  2868 | D:3      | Reached skill level 5 in Unarmed Combat
  2963 | D:4      | Reached XP level 7. HP: 17/53 MP: 7/7
  2964 | D:4      | HP: 5/53 [orc priest/divine providence (12)]
  3174 | D:4      | Reached skill level 4 in Fighting
  3275 | D:4      | Found a staircase to the Ecumenical Temple.
  3290 | Temple   | Found a transporter.
  3290 | Temple   | Found a transporter.
  3290 | Temple   | Found a transporter.
  3290 | Temple   | Found a transporter.
  3290 | Temple   | Entered the Ecumenical Temple
  3308 | Temple   | Became a worshipper of the Wu Jian Council
  3309 | Temple   | magus.rc [v1.9.6]
  3344 | D:4      | You pick up a book of Touch and begin reading...
  3344 | D:4      | You add the spells Kiss of Death, Confusing Touch and
                  | Dispel Undead to your library.
  3488 | D:4      | Identified the +0 sling "Ogrebane" {drain, rElec rN+}
  3630 | D:4      | Reached skill level 6 in Shapeshifting
  3797 | D:4      | Found Tuthuw's Fire Supplies.
  3913 | D:4      | magus.rc [v1.9.6]
  4123 | D:4      | magus.rc [v1.9.6]
  4153 | D:5      | Entered Level 5 of the Dungeon
  4162 | D:5      | Reached skill level 6 in Dodging
  4270 | D:5      | Noticed Menkaure
  4280 | D:5      | Killed Menkaure
  4281 | D:5      | Reached XP level 8. HP: 38/61 MP: 8/8
  4509 | D:5      | Found a hide-covered altar of Uskayaw.
  4609 | D:5      | Reached skill level 5 in Fighting
  4609 | D:5      | Reached skill level 6 in Unarmed Combat
  4712 | D:5      | Reached * piety under Wu Jian
  4713 | D:5      | Reached skill level 7 in Dodging
  5028 | D:5      | Reached skill level 7 in Shapeshifting
  5028 | D:5      | HP: 15/64 [scorpion (6)]
  5033 | D:5      | HP: 8/64 [poisoned by a scorpion]
  5353 | D:6      | Noticed Eustachio
  5354 | D:6      | Eustachio changed into Eustachio the adder
  5354 | D:6      | Noticed Eustachio
  5357 | D:6      | Killed Eustachio the adder
  5371 | D:6      | Noticed Prince Ribbit
  5379 | D:6      | Killed Prince Ribbit
  5380 | D:6      | Reached skill level 6 in Fighting
  5380 | D:6      | Reached XP level 9. HP: 58/69 MP: 9/9
  5470 | D:6      | Reached skill level 7 in Unarmed Combat
  5487 | D:6      | Reached skill level 8 in Dodging
  5766 | D:6      | HP: 16/71 [something (9)]
  5768 | D:6      | HP: 1/71 [something (8)]
  5769 | D:6      | Slain by an unseen horror

Vanquished Creatures
  Prince Ribbit (D:6)
  Sigmund (D:2)
  Menkaure (D:5)
  An orc warrior (D:6)
  A sky beast (D:6)
  A black bear (D:4)
  An ogre (D:5)
  A bullfrog (D:5)
  5 scorpions
  4 orc priests
  4 hounds
  2 jellies (D:5)
  A gnoll bouda (D:5)
  An iguana (D:4)
  2 sleepcaps
  3 orc wizards
  9 adders
  7 gnolls
  A shadow imp (D:6)
  2 white imps
  An ufetubus (D:5)
  3 worms
  2 dart slugs
  23 orcs
  8 ball pythons
  5 endoplasms
  2 giant cockroaches
  2 goblins (D:2)
  8 hobgoblins
  4 jackals (D:2)
  A quokka (D:4)
  5 bats
  2 frilled lizards
  12 kobolds
  4 rats
131 creatures vanquished.

Vanquished Creatures (collateral kills)
  A gnoll (D:6)
1 creature vanquished.

Vanquished Creatures (others)
  A gnoll sergeant (D:6)
1 creature vanquished.

Grand Total: 133 creatures vanquished

Table legend:
 A = Non-vault XP
 B = Vault XP
 C = Vault XP percentage of total XP
 D = Non-vault monster count
 E = Vault monster count
 F = Vault count percentage of total count
                 A         B        C        D         E       F
            +---------+---------+-------+---------+---------+-------
      Total |    1579 |    1207 |  43.3 |     115 |      17 |  12.9
            +---------+---------+-------+---------+---------+-------
        D:1 |      46 |       0 |   0.0 |      20 |       0 |   0.0
        D:2 |     122 |     226 |  64.9 |      29 |       1 |   3.3
        D:3 |     187 |       5 |   2.6 |      18 |       2 |  10.0
        D:4 |     418 |       0 |   0.0 |      23 |       0 |   0.0
        D:5 |     325 |     717 |  68.8 |      10 |      12 |  54.5
        D:6 |     481 |     259 |  35.0 |      15 |       2 |  11.8
            +---------+---------+-------+---------+---------+-------

Skill      XL: |  1  2  3  4  5  6  7  8  9 |
---------------+----------------------------+-----
Dodging        | 3 4 5 6 7 8 |  8.1
Fighting       | 2 3 4 6 |  6.4
Unarmed Combat | 4 5 6 7 |  7.2
Shapeshifting  | 5 6 7 |  7.5

Action                     |  1- 3 |  4- 6 |  7- 9 || total
---------------------------+-------+-------+-------++-------
  Melee: Unarmed           |    91 |   101 |   170 ||   362
         Punch             |     2 |     4 |    10 ||    16
Ability: Lunge             |       |       |    12 ||    12
         Whirlwind         |       |       |     1 ||     1
  Evoke: Wand              |       |       |     2 ||     2
    Use: Potion            |       |     1 |     1 ||     2
         Scroll            |       |     2 |    11 ||    13
   Stab: Sleeping          |     3 |       |       ||     3
 Armour: Animal skin       |     3 |       |       ||     3
         Leather armour    |    14 |    14 |       ||    28
         Skin              |       |     3 |       ||     3
         Ring mail         |       |     3 |    32 ||    35
  Dodge: Dodged            |    42 |    66 |    91 ||   199

Illustrated notes

Table legend:
 A = Kills in this place as a percentage of kills in the entire game.
 B = Kills by you in this place as a percentage of kills by you in the entire game.
 C = Kills by friends in this place as a percentage of kills by friends in the entire game.
 D = Other kills in this place as a percentage of other kills in the entire game.
 E = Experience gained in this place as a percentage of experience gained in the entire game.
 F = Experience gained in this place divided by the number of levels of this place that you have seen.
                   A       B       C       D       E      F
               +-------+-------+-------+-------+-------+----------------------
         Total | 100.0 | 100.0 | 100.0 |   N/A | 100.0 | 398.0
       Dungeon | 100.0 | 100.0 | 100.0 |   N/A | 100.0 | 464.3
               +-------+-------+-------+-------+-------+----------------------

Table legend: (Time is in decaauts)
 A = Elapsed time spent in this place.
 B = Non-inter-level travel time spent in this place.
 C = Inter-level travel time spent in this place.
 D = Time resting spent in this place.
 E = Time spent auto-exploring this place.
 F = Levels seen in this place.
 G = Mean time per level.
                   A        B        C        D        E       F      G
               +--------+--------+--------+--------+--------+-----+--------+
         Total |   5739 |   5554 |    185 |   1368 |   3282 |   7 |  819.9 |
       Dungeon |   5702 |   5525 |    177 |   1368 |   3282 |   6 |  950.3 |
        Temple |     36 |     28 |      8 |      0 |      0 |   1 |   36.0 |
               +--------+--------+--------+--------+--------+-----+--------+

Top non-repeatable levels by time:
     D:2: 1340 daAuts
     D:5: 1076 daAuts
     D:4: 1012 daAuts
     D:1: 901 daAuts
     D:3: 841 daAuts
     D:6: 529 daAuts
  Temple: 36 daAuts
